 Dungeon Crawl Stone Soup version 0.18.1-48-g4cf74bf (webtiles) character file.

187 nikopol the Chopper (level 5, -3/47 HPs)
             Began as a Minotaur Berserker on Sept 3, 2016.
             Was a Priest of Trog.
             Killed by divine providence
             ... invoked by an orc priest
              (13 damage)
             ... on level 3 of the Dungeon.
             The game lasted 00:04:49 (2603 turns).

nikopol the Chopper (Minotaur Berserker)            Turns: 2603, Time: 00:04:49

Health: -3/47      AC:  6    Str: 22    XL:     5   Next: 39%
Magic:  4/4        EV: 12    Int:  4    God:    Trog [***...]
Gold:   127        SH:  0    Dex: 10    Spells: 0 memorised, 4 levels left

rFire  . . .     SeeInvis .     a - +0 hand axe
rCold  . . .     Gourm    .     l - +0 ring mail
rNeg   . . .     Faith    .     (no shield)
rPois  .         Spirit   .     u - +1 hat
rElec  .         Dismiss  .     (no cloak)
rCorr  .         Reflect  .     (no gloves)
SustAt +         Harm     .     (no boots)
MR     .....                    (no amulet)
Stlth  ..........               (no ring)
                                d - ring of sustain attributes

@: not resistant to hostile enchantments, extremely unstealthy
A: retaliatory headbutt, horns 2
a: Berserk, Trog's Hand, Burn Spellbooks, Renounce Religion


You were on level 3 of the Dungeon.
You worshipped Trog.
Trog was most pleased with you.
You were hungry.

You visited 1 branch of the dungeon, and saw 3 of its levels.

You collected 127 gold pieces.

Inventory:

Hand Weapons
 a - a +0 hand axe (weapon)
Missiles
 s - 23 arrows (quivered)
Armour
 b - a +0 animal skin
 l - a +0 ring mail (worn)
 u - a +1 hat (worn)
Jewellery
 d - a ring of sustain attributes (left hand)
Wands
 w - a wand of lightning (8/15)
Scrolls
 f - a scroll of fear {unknown}
 k - a scroll of remove curse {unknown}
 n - a scroll of noise {unknown}
 t - a scroll of amnesia {unknown}
 v - a scroll of random uselessness {unknown}
Potions
 e - a potion of heal wounds {unknown}
 g - 3 potions of curing {unknown}
 i - a potion of resistance {unknown}
 o - a potion of mutation {unknown}
 p - a potion of flight {unknown}
 q - a potion of degeneration {unknown}
 r - a potion of haste {unknown}
Comestibles
 c - 2 bread rations
 h - 2 slices of pizza
 j - a meat ration
 m - 4 chunks of flesh


   Skills:
 + Level 4.7 Fighting
 + Level 4.8 Axes
 + Level 4.2 Armour
 + Level 3.4 Dodging


You had 4 spell levels left.
You didn't know any spells.

Dungeon Overview and Level Annotations

Branches:
Dungeon (3/15)

Altars:
Cheibriados
Gozag


Innate Abilities, Weirdness & Mutations

You reflexively headbutt those who attack you in melee.
You have a pair of horns on your head.


Message History

The orc wizard is heavily wounded.
The orc wizard casts a spell.
The orc wizard flickers and vanishes!
Deactivating autopickup; reactivate with Ctrl-A.
Something barely misses you.
An orc comes into view.
You barely miss something. Your headbutt misses something.
Something hits you but does no damage.
You miss something.
The orc priest invokes the aid of Beogh against you.
Beogh smites you! Something hits you but does no damage.
You barely miss something.
You hear some strange, mumbled words.
A puff of flame appears from out of thin air!
The puff of flame hits you!
* * * LOW HITPOINT WARNING * * *
You closely miss something.
The orc priest invokes the aid of Beogh against you.
Beogh smites you!
You die... .# ... ...# .# #..# .# ... #..# .# ...# ...### .# ..# #.... ### .# ... .ooo .. .## #.# #oo

### ..# #.# #{# ... #.#
#.#######@# ## #.#
#........!# # #.#
#.######### # #.# #.#
## #.# #.# #######.
#.######.#######
#......#
#...............## ##
#.#####.
########.....#.#.#.#.##
#.# #
#####..........####.##
#


You could see an orc priest and 4 orcs.

Vanquished Creatures
  Jessica (D:3)
  Ijyb (D:2)
  4 adders
  An ooze (D:2)
  3 worms (D:2)
  3 dart slugs
  5 giant geckos
  An orc (D:3)
  A giant cockroach (D:1)
  7 goblins
  14 hobgoblins
  5 jackals (D:2)
  5 kobolds
  A quokka (D:2)
  3 ball pythons
  9 bats
  A giant newt (D:1)
  9 rats
74 creatures vanquished.

Notes
Turn   | Place    | Note
--------------------------------------------------------------
     0 | D:1      | nikopol the Minotaur Berserker began the quest for the Orb.
     0 | D:1      | Reached XP level 1. HP: 19/19 MP: 0/0
   300 | D:1      | Reached XP level 2. HP: 27/27 MP: 1/1
   565 | D:1      | Reached ** piety under Trog
   952 | D:2      | Reached XP level 3. HP: 33/33 MP: 2/2
  1385 | D:2      | Noticed Ijyb
  1397 | D:2      | Killed Ijyb
  1397 | D:2      | Reached XP level 4. HP: 33/41 MP: 3/3
  1552 | D:2      | Found a faded altar to an unknown god.
  1863 | D:2      | Reached *** piety under Trog
  2145 | D:3      | Reached XP level 5. HP: 47/47 MP: 4/4
  2378 | D:3      | Found a snail-covered altar of Cheibriados.
  2410 | D:3      | Noticed Jessica
  2416 | D:3      | Killed Jessica
  2417 | D:3      | Found an opulent altar of Gozag.
  2603 | D:3      | Killed from afar by an orc priest

Skill      XL: |  1  2  3  4  5 |
---------------+----------------+-----
Fighting       | 4 |  4.7
Axes           | 4 |  4.8
Armour         | 3 4 |  4.2
Dodging        | 3 |  3.4

Action                   |  1- 3 |  4- 6 || total
-------------------------+-------+-------++-------
Melee: Hand axe          |   104 |    95 ||   199
       Headbutt          |    20 |    12 ||    32
 Stab: Sleeping          |     1 |       ||     1
  Eat: Chunk             |     2 |     3 ||     5
Armor: Ring mail         |    26 |    26 ||    52
       Animal skin       |     2 |       ||     2
Dodge: Dodged            |    54 |    55 ||   109
